 Dungeon Crawl Stone Soup version 0.30-a0-939-gc8157cb160 (webtiles) character file.

Game seed: 13068740590690844305

261 pokeman the Magician (level 5, -1/29 HPs)
             Began as a Deep Elf Hedge Wizard on Mar 25, 2023.
             Was an Initiate of Vehumet.
             Slain by a sleepcap (19 damage)
             ... on level 3 of the Dungeon.
             The game lasted 00:04:05 (2642 turns).

pokeman the Magician (Deep Elf Hedge Wizard)        Turns: 2642, Time: 00:04:05

Health: -1/29      AC:  4    Str:  7    XL:     5   Next: 96%
Magic:  10/15      EV:  2    Int: 27    God:    Vehumet [......]
Gold:   109        SH:  0    Dex: 14    Spells: 7/15 levels left

rFire   . . .      SeeInvis .    a - +0 dagger
rCold   + . .      Faith    .    (no shield)
rNeg    . . .      Spirit   .    b - +0 robe
rPois   .          Reflect  .    o - +1 helmet
rElec   .          Rampage  .    (no cloak)
rCorr   .                        (no gloves)
Will    .....                    (no boots)
Stlth   ++                       (no amulet)
HPRegen 0.24/turn                g - +6 ring of intelligence
MPRegen 0.14/turn                j - ring of protection from cold

@: sleeping
A: no striking features
a: Renounce Religion


You were on level 3 of the Dungeon.
You worshipped Vehumet.
Vehumet was noncommittal.
You visited 1 branch of the dungeon, and saw 3 of its levels.

You collected 109 gold pieces.

Inventory:

Hand Weapons
 a - a +0 dagger (weapon)
Armour
 b - a +0 robe (worn)
 o - a +1 helmet (worn)
Magical Staves
 p - a staff of fire
Jewellery
 g - a +6 ring of intelligence (left hand)
 j - a ring of protection from cold (right hand)
Scrolls
 c - a scroll of summoning {unknown}
 e - 2 scrolls of identify {unknown}
 h - a scroll of enchant armour {unknown}
 i - a scroll of amnesia {unknown}
 n - 2 scrolls of teleportation {unknown}
Potions
 d - a potion of magic
 f - a potion of lignification {unknown}
 k - a potion of curing {unknown}
 l - a potion of heal wounds {unknown}
 m - a potion of brilliance {unknown}


   Skills:
 - Level 1.0 Fighting
 - Level 1.0 Armour
 + Level 2.8 Dodging
 + Level 2.9 Stealth
 * Level 5.8 Spellcasting
 + Level 4.8 Conjurations
 - Level 1.1 Summonings
 - Level 1.1 Translocations


You had 7 spell levels left.
You knew the following spells:

 Your Spells              Type           Power      Damage    Failure   Level
a - Magic Dart            Conj           100%       1d8       1%          1
b - Mephitic Cloud        Conj/Pois/Air  16%        N/A       11%         3
c - Call Imp              Summ           13%        N/A       6%          2
d - Blink                 Tloc           26%        N/A       6%          2

Your spell library contained the following spells:

 Spells                   Type           Power      Damage    Failure   Level
 Slow                     Hex            28%        N/A       7%          1
 Cigotuvi's Dreadful Rot  Necr/Pois/Air  14%        N/A       10%         2
 Confusing Touch          Hex            7%         N/A       21%         3
 Vampiric Draining        Necr           7%         2d6       21%         3


Dungeon Overview and Level Annotations

Branches:
Dungeon (3/15)

Altars:
Vehumet


Message History

Confirm with . or Enter, or press ? or * to list all spells.
Aiming: Magic Dart (safe; 1% risk of failure)
Press: ? - help, Shift-Dir - straight line, f - rat
Aim: a rat (asleep, 100% to hit)
The magic dart hits the rat.
You kill the rat!
Vehumet accepts your kill.
Casting: Magic Dart (safe; 1% risk of failure)
Confirm with . or Enter, or press ? or * to list all spells.
Aiming: Magic Dart (safe; 1% risk of failure)
Press: ? - help, Shift-Dir - straight line, f - sleepcap
Aim: a sleepcap (dormant, 100% to hit)
The magic dart hits the sleepcap but does no damage.
Casting: Magic Dart (safe; 1% risk of failure)
Confirm with . or Enter, or press ? or * to list all spells.
Aiming: Magic Dart (safe; 1% risk of failure)
Press: ? - help, Shift-Dir - straight line, f/p - sleepcap
Aim: a sleepcap (100% to hit)
The magic dart hits the sleepcap but does no damage.
The sleepcap closely misses you.
Casting: Magic Dart (safe; 1% risk of failure)
Confirm with . or Enter, or press ? or * to list all spells.
Aiming: Magic Dart (safe; 1% risk of failure)
Press: ? - help, Shift-Dir - straight line, f/p - sleepcap
Aim: a sleepcap (100% to hit)
The magic dart hits the sleepcap but does no damage.
The sleepcap releases spores at you.
Casting: Magic Dart (safe; 1% risk of failure)
Confirm with . or Enter, or press ? or * to list all spells.
A beastly little devil appears in a puff of frigid air.
The sleepcap closely misses you.
Unknown command.
The sleepcap releases spores at you!
You are engulfed in a cloud of soporific spores!
You fall asleep.
Your white imp gestures at the sleepcap.
The puff of frost hits the sleepcap!
The sleepcap releases spores at you!!
Ouch! That really hurt!
You die...

#### #...##.
##....... .
#5....... ...
#........
.....##<.......
......f@.......
............##.
...>.###.####
#.... .. ....
##. ### ##


You could see a sleepcap (ally target) and a friendly white imp (summoned).

Vanquished Creatures
  Sigmund (D:2)
  Terence (D:2)
  Robin (D:2)
  2 adders (D:2)
  2 worms (D:2)
  3 dart slugs (D:1)
  5 ball pythons (D:1)
  An endoplasm (D:1)
  A giant cockroach (D:1)
  13 goblins
  4 hobgoblins
  3 kobolds
  A quokka (D:1)
  3 bats
  2 frilled lizards (D:2)
  3 rats
46 creatures vanquished.

Vanquished Creatures (collateral kills)
  A goblin (D:2)
1 creature vanquished.

Grand Total: 47 creatures vanquished

Notes
Turn   | Place    | Note
-------+----------+-------------------------------------------
     0 | D:1      | pokeman the Deep Elf Hedge Wizard began the quest for the
                  | Orb.
     0 | D:1      | Reached XP level 1. HP: 10/10 MP: 7/7
   236 | D:1      | Reached XP level 2. HP: 16/16 MP: 4/9
   669 | D:1      | Reached skill level 5 in Spellcasting
  1158 | D:2      | Reached XP level 3. HP: 20/20 MP: 8/11
  1162 | D:2      | Learned a level 3 spell: Mephitic Cloud
  1165 | D:2      | Learned a level 2 spell: Blink
  1168 | D:2      | Learned a level 2 spell: Call Imp
  1434 | D:2      | Reached skill level 1 in Armour
  1435 | D:2      | Reached skill level 1 in Fighting
  1541 | D:2      | Noticed Robin
  1833 | D:2      | Killed Robin
  1834 | D:2      | Reached XP level 4. HP: 10/25 MP: 4/13
  2112 | D:2      | Found a radiant altar of Vehumet.
  2139 | D:2      | Became a worshipper of Vehumet
  2187 | D:2      | Noticed Terence
  2208 | D:2      | Killed Terence
  2457 | D:2      | Noticed Sigmund
  2478 | D:2      | Killed Sigmund
  2479 | D:2      | Reached XP level 5. HP: 15/29 MP: 11/15
  2642 | D:3      | Slain by a sleepcap

Illustrated notes

Levels and vault maps discovered:
D:1:      giann_wishing_wells, layout_loops_ring
D:2:      layout_loops_cross, basic_altar, uniq_robin, uniq_sigmund,
          uniq_terence
D:3:      layout_rooms, minmay_unequal

Skill      XL: |  1  2  3  4 |
---------------+-------------+-----
Spellcasting   | 5 |  5.8
Armour         | 1 |  1.0
Fighting       | 1 |  1.0
Conjurations   | 2 4 |  4.8
Dodging        | |  2.8
Stealth        | |  2.9
Summonings     | |  1.1
Translocations | |  1.1

Action                     |  1- 3 |  4- 6 || total
---------------------------+-------+-------++-------
  Melee: Dagger            |    16 |    20 ||    36
   Cast: Magic Dart        |    96 |    27 ||   123
         Call Imp          |     4 |     3 ||     7
         Mephitic Cloud    |     3 |     2 ||     5
   Stab: Confused          |     1 |     1 ||     2
 Armour: Robe              |     3 |     3 ||     6
  Dodge: Dodged            |    22 |    12 ||    34

Table legend: (Time is in decaauts)
 A = Elapsed time spent in this place.
 B = Non-inter-level travel time spent in this place.
 C = Inter-level travel time spent in this place.
 D = Time resting spent in this place.
 E = Time spent auto-exploring this place.
 F = Levels seen in this place.
 G = Mean time per level.
                   A        B        C        D        E       F      G
               +--------+--------+--------+--------+--------+-----+--------+
         Total |   2642 |   2573 |     69 |    309 |   1871 |   3 |  880.7 |
       Dungeon |   2642 |   2573 |     69 |    309 |   1871 |   3 |  880.7 |
               +--------+--------+--------+--------+--------+-----+--------+

Top non-repeatable levels by time:
     D:1: 1361 daAuts
     D:2: 1274 daAuts
     D:3: 6 daAuts
